zenhack, neutral female human Monk -------------- ----------- ##.............| ------ |..........| # |............| |.....# |..........+% ### |............| |....|# |..........|# ###### # |......>.....| |...<|# --------|-- # -------------### ------------|- -|----# ### |`.........`|# ### ## # # |.....`......# # # # ### |...-----...|# ### ######## # |.....{.|...|################### #--|--+- ####...`|[.{|`..| -.-+-.- #|.)...| ###|...|.{.|...| |.....| #|.)...| ###....-----...| |.....| #|.n...| ### |.....`.....| |.....| #..@[..| # |`.........`| |.....| |f.T...####2####### ------------- ------- ------- zenhack the Initiate Experience level: 7 Strength: 17 Dexterity: 12 Constitution: 15 Intelligence: 12 Wisdom: 13 Charisma: 9 Health: 0(44) Energy: 32(32) Def: 0 Gold: 898 Moves: 5000 Dungeon seed: E2hXz9fcgVUYVPFl Game ID: zenhack_1478810598 Your Inventory: Coins $ - 898 gold pieces Weapons j - a cursed -2 dagger r - 4 uncursed +0 orcish daggers Y - 2 blessed +3 daggers (in quiver) Armor y - a cursed +3 small shield Comestibles h - 3 uncursed fortune cookies O - a cursed egg P - a cursed partly eaten food ration Q - 4 uncursed food rations T - an uncursed tripe ration Potions I - a cursed potion of sickness J - a potion of unholy water Rings K - a cursed ring of protection from shape changers Wands G - an uncursed wand of lightning (0:5) L - an uncursed wand of digging (0:5) Tools R - a cursed oil lamp (0:1055) S - a cursed leash Z - 5 uncursed partly used wax candles (0:395) Gems z - a cursed worthless piece of blue glass Spells and supernatural/magical abilities: Name Level Category Fail Memory p - protection 1 clerical 36% 76% W - pray for help -- divine ? -- Your skills at the end: Fighting Skills martial arts [Basic] Weapon Skills Spellcasting Skills healing spells [Basic] Final Attributes: You were piously aligned. You were sleep resistant. You were poison resistant. You saw invisible. You were warned. You were stealthy. You were fast. You are dead. Vanquished creatures: 2 giant mimics 5 wolves a leprechaun a gold golem a dog 4 water moccasins a quasit an orc shaman a fog cloud a yellow light 2 shriekers a gnome lord 2 gray oozes a straw golem a giant ant 2 floating eyes a kobold lord 5 hill orcs 4 rothes a rabid rat 2 centipedes a giant bat a monkey a werejackal 2 iguanas an acid blob 3 coyotes 4 gas spores a hobbit a large kobold 5 giant rats 3 brown molds a yellow mold a green mold 4 gnome zombies 2 geckos 6 jackals 4 foxes 2 goblins 4 sewer rats 8 grid bugs 3 bats 5 lichens 3 kobold zombies 7 newts 113 creatures vanquished. Voluntary challenges: You were vegetarian. You were an atheist. You never hit with a wielded weapon. You read items or engraved 68 times, starting on turn 1591. You never genocided any monsters. You never polymorphed an object. You never changed form. You used no wishes. You never split a pudding. You wrote Elbereth's name 60 times, starting on turn 1591. You never violated your personal moral code. Dungeon overview: The Dungeons of Doom: levels 1 to 8 Level 1 a fountain a long staircase Level 2 a general store, some fountains, a sink Level 3 a jewelry store, a fountain Level 4 stairs to The Gnomish Mines Level 5 a fountain Level 6 (nymph) <- You were here many fountains Level 7 a fountain stairs to Sokoban Level 8 The Gnomish Mines: Level 5 stairs to The Dungeons of Doom Sokoban: levels 3 to 6 Level 3 Level 4 Level 5 Level 6 stairs to The Dungeons of Doom History has recorded: On T:1 you entered the Dungeons of Doom to retrieve the Amulet of Yendor! On T:90 you reached level 2 of The Dungeons of Doom. On T:503 you advanced to experience level 2. On T:521 you reached level 3 of The Dungeons of Doom. On T:802 you reached level 4 of The Dungeons of Doom. On T:890 you advanced to experience level 3. On T:895 you reached level 5 of The Dungeons of Doom. On T:936 you reached level 6 of The Dungeons of Doom. On T:1224 you advanced to experience level 4. On T:1329 you advanced to experience level 5. On T:1437 you reached level 7 of The Dungeons of Doom. On T:1528 you reached level 8 of The Dungeons of Doom. On T:1558 you reached level 4 of Sokoban. On T:1977 you reached level 3 of Sokoban. On T:2496 you reached level 2 of Sokoban. On T:2864 you advanced to experience level 6. On T:2880 you reached level 1 of Sokoban. On T:3901 you advanced to experience level 7. On T:4764 you reached level 1 of The Gnomish Mines. Score breakdown: Gold: 898 (10047 points) Experience: 7 levels (13645 points) Exploration: 8 levels ( 16.00%) (11338 points) Discoveries: 6 items ( 2.14%) ( 4391 points) Valuables value: (no points given unless you survive) Artifact value: 0 ( 0 points) Variety of kills: 45 monsters ( 11.81%) (10310 points) Turncount: 5000 turns (-1354 points) Survival: died (score multiplied by 80%) Total score: 38701 Latest messages: Y - 4 daggers (in quiver). The dagger hits the floating eye. You kill the floating eye! Y - 2 daggers (in quiver). j - a dagger. r - 4 crude daggers. You drop an opera cloak. The dagger hits the mountain nymph. The dagger hits the mountain nymph. You hit the mountain nymph! The mountain nymph charms you. You gladly start removing your gloves. She stole an uncursed +2 pair of leather gloves. The mountain nymph pretends to be friendly. The water troll hits! (2x) The water troll bites! You die... Final status: Goodbye zenhack the Monk, killed by a water troll, while taking off clothes... You died in The Dungeons of Doom on dungeon level 6 with 38701 points, and 898 pieces of gold, after 5000 moves. You were level 7 with a maximum of 44 hit points when you died.